 Dungeon Crawl Stone Soup version 0.21.1-1-g345015f (webtiles) character file.

11331 greenice the Fencer (level 11, 0/108 HPs)
             Began as a Minotaur Fighter on Feb 21, 2018.
             Was an Elder of Okawaru.
             Engulfed by a red draconian's flame (16 damage)
             ... in a volcano.
             The game lasted 00:25:52 (14674 turns).

greenice the Fencer (Minotaur Fighter)             Turns: 14674, Time: 00:25:53

Health: 0/108      AC: 11    Str: 21    XL:     11   Next: 47%
Magic:  10/10      EV: 13    Int:  5    God:    Okawaru [****..]
Gold:   612        SH: 15    Dex: 18    Spells: 10/10 levels left

rFire    . . .     SeeInvis .   a - +1 long sword
rCold    . . .     Gourm    .   c - +0 shield
rNeg     + . .     Faith    .   b - +0 scale mail
rPois    .         Spirit   .   (helmet restricted)
rElec    .         Reflect  +   (no cloak)
rCorr    .         Harm     .   g - +0 pair of gloves "Qimocih" {-Tele Dex+5 Slay+2}
MR       +....     NoTele   +   k - +0 pair of boots
Stlth    ++........             H - +3 amulet of reflection
HPRegen  0.28/turn              h - ring of protection from magic
MPRegen  0.12/turn              M - ring of positive energy

@: heroism
A: retaliatory headbutt, horns 2
a: Heroism, Renounce Religion


You were in a volcano.
You worshipped Okawaru.
Okawaru was greatly pleased with you.
You were not hungry.

You visited 3 branches of the dungeon, and saw 13 of its levels.
You also visited: Volcano.

You collected 612 gold pieces.

Inventory:

Hand Weapons
 a - a +1 long sword (weapon)
Armour
 b - a +0 scale mail (worn)
 c - a +0 shield (worn)
 g - the +0 pair of gloves "Qimocih" (worn) {-Tele Dex+5 Slay+2}
   (Okawaru gifted it to you on level 10 of the Dungeon)

   It affects your dexterity (+5).
   It affects your accuracy and damage with ranged weapons and melee attacks
   (+2).
   It prevents most forms of teleportation.
 k - a +0 pair of boots (worn)
 t - a +0 plate armour
Jewellery
 h - a ring of protection from magic (left hand)
 H - a +3 amulet of reflection (around neck)
 M - a ring of positive energy (right hand)
Wands
 r - a wand of paralysis (10)
 v - a wand of enslavement (17)
 w - a wand of acid (10)
 G - a wand of flame (48)
 Q - a wand of disintegration (8)
Scrolls
 l - 3 scrolls of identify
 m - 6 scrolls of remove curse
 p - a scroll of enchant armour {unknown}
 s - a scroll of fear {unknown}
 x - 3 scrolls of fog
 B - a scroll of noise {unknown}
 C - 2 scrolls of enchant weapon
 E - 4 scrolls of teleportation
 I - a scroll of vulnerability {unknown}
 L - a scroll of summoning {unknown}
 N - a scroll of blinking
Potions
 e - 2 potions of lignification
 j - a potion of heal wounds
 n - 3 potions of curing
 o - a potion of resistance
 q - a potion of degeneration {unknown}
 u - a potion of haste {unknown}
 z - 5 potions of flight
 D - 2 potions of invisibility {unknown}
Comestibles
 f - 30 rations


   Skills:
 + Level 13.6(18.6) Fighting
 - Level 16.0(21.0) Long Blades
 - Level 3.6(8.6) Armour
 - Level 1.6(6.6) Dodging
 - Level 0.3(5.3) Stealth
 - Level 3.6(8.6) Shields


You had 10 spell levels left.
You didn't know any spells.

Dungeon Overview and Level Annotations

Branches:
Dungeon (10/15)            Temple (1/1) D:7            Lair (2/6) D:10
    Orc (0/2) D:10
  Swamp: Lair:2-4    Shoals: Lair:2-4     Snake: Lair:2-4    Spider: Lair:2-4

Altars:
Ashenzari
Cheibriados
Dithmenos
Elyvilon
Fedhas
Gozag
Hepliaklqana
Kikubaaqudgha
Makhleb
Nemelex Xobeh
Okawaru
Qazlal
Ru
Sif Muna
Trog
Uskayaw
Vehumet
Wu Jian
Xom
Yredelemnul
Zin
The Shining One

Annotations:
Lair:1 exclusion: oklob plant


Innate Abilities, Weirdness & Mutations

You reflexively headbutt those who attack you in melee.
You have a pair of horns on your head.


Message History

Magic courses through your body.
The red draconian hits you with a broad axe of flaming.
The red draconian burns you.
You hit the red draconian but do no damage.
The red draconian is lightly wounded.
You slash the red draconian!
The red draconian is lightly wounded.
The red draconian hits you with a broad axe of flaming!
The red draconian burns you.
Okay, then.
Okay, then.
You hit the red draconian.
The red draconian is lightly wounded.
The red draconian breathes flames at you.
The searing blast hits you!
* * * LOW HITPOINT WARNING * * *
You barely miss the red draconian.
The red draconian is lightly wounded.
You are engulfed in blazing flames.
You die... §≈§ .§≈≈§§≈ §cS ..≈≈≈≈ .Sd

#..§≈≈ ##c##
###..S≈≈ 8.8
#####8....S≈
#.###.........S§
##
#∩##.####8.....≈
#8###.#.##
####....
#8@#c##.# ####.
#.#d##§.## ##
##.###8##.#
#.#######.#
#.#...##.##
##.###..## ###
####


You could see a red draconian.

Vanquished Creatures
  The ghost of Mirai the Geomancer, a journeyman GrEE of Vehumet (Lair:1)
  The ghost of Ratty the Blocker, a journeyman GrBe of Trog (D:10)
  A two-headed ogre (D:8)
  A black mamba (Lair:1)
  2 spiny frogs (Lair:1)
  A komodo dragon (D:10)
  A troll (D:10)
  4 blink frogs (Lair:1)
  2 hippogriffs
  3 yaks (D:9)
  2 wyverns
  7 fire bats (Volcano)
  Edmund (D:6)
  A porcupine (Lair:1)
  Duvessa (D:6)
  5 water moccasins
  2 ice beasts
  4 orc warriors
  3 phantoms
  6 ogres
  5 centaurs
  2 crocodiles (Lair:1)
  A big kobold (D:8)
  2 bullfrogs
  Dowan (D:6)
  A wyvern skeleton (D:10)
  7 scorpions
  5 killer bees
  3 howler monkeys
  5 lava snakes (Volcano)
  3 crimson imps
  A hound (D:4)
  8 jellies
  2 orc priests (D:9)
  3 orc wizards
  An iguana (D:6)
  5 worker ants
  2 hell rats (Lair:1)
  A worker ant zombie (D:6)
  Robin (D:3)
  7 river rats (Lair:1)
  10 adders
  3 shadow imps
  An ooze (D:5)
  4 worms
  A dart slug (D:1)
  3 leopard geckos
  22 orcs
  7 bats
  5 giant cockroaches
  7 hobgoblins
  13 jackals
  7 quokkas
  8 frilled lizards
  12 goblins
  7 kobolds
  A quokka skeleton (D:7)
  19 rats
  A butterfly (D:7)
  A plant (D:10)
247 creatures vanquished.

Vanquished Creatures (others)
  A yaktaur (Volcano)
  A fungus (Lair:1)
  A plant (D:10)
3 creatures vanquished.

Grand Total: 250 creatures vanquished

Notes
Turn   | Place    | Note
-------+----------+-------------------------------------------
     0 | D:1      | greenice the Minotaur Fighter began the quest for the Orb.
     0 | D:1      | Reached XP level 1. HP: 19/19 MP: 0/0
   111 | D:1      | Reached skill level 3 in Long Blades
   113 | D:1      | Reached XP level 2. HP: 19/26 MP: 1/1
   658 | D:2      | Reached skill level 1 in Dodging
   665 | D:2      | Reached XP level 3. HP: 29/31 MP: 2/2
   681 | D:2      | Reached skill level 4 in Long Blades
   854 | D:2      | Found an iron altar of Okawaru.
   862 | D:2      | Became a worshipper of Warmaster Okawaru
   999 | D:2      | Reached XP level 4. HP: 39/39 MP: 3/3
  1426 | D:3      | Noticed Robin
  1430 | D:3      | Reached skill level 5 in Long Blades
  1439 | D:3      | Killed Robin
  1729 | D:3      | Found a sacrificial altar of Ru.
  2180 | D:3      | Noticed an ice beast
  2187 | D:3      | Killed an ice beast
  2187 | D:3      | Reached skill level 6 in Long Blades
  2187 | D:3      | Reached XP level 5. HP: 36/45 MP: 4/4
  2584 | D:4      | Reached skill level 7 in Long Blades
  2608 | D:4      | Reached XP level 6. HP: 51/51 MP: 5/5
  2656 | D:4      | Reached * piety under Okawaru
  2923 | D:4      | Found a glowing golden altar of the Shining One.
  2957 | D:4      | Reached skill level 8 in Long Blades
  3242 | D:4      | Reached XP level 7. HP: 31/57 MP: 6/6
  3729 | D:5      | Entered Level 5 of the Dungeon
  3729 | D:5      | Found a snail-covered altar of Cheibriados.
  3729 | D:5      | Found a shadowy altar of Dithmenos.
  3781 | D:5      | Reached skill level 9 in Long Blades
  3979 | D:5      | Reached ** piety under Okawaru
  4285 | D:5      | Reached skill level 10 in Long Blades
  4546 | D:6      | Noticed Edmund
  4558 | D:6      | Killed Edmund
  4578 | D:6      | Noticed a wyvern
  4595 | D:6      | Killed a wyvern
  4595 | D:6      | Reached skill level 11 in Long Blades
  4595 | D:6      | Reached XP level 8. HP: 17/64 MP: 7/7
  5040 | D:6      | Found an ancient bone altar of Kikubaaqudgha.
  5059 | D:6      | Noticed Duvessa
  5062 | D:6      | Noticed Dowan
  5069 | D:6      | Killed Duvessa
  5078 | D:6      | Killed Dowan
  5254 | D:6      | Reached skill level 12 in Long Blades
  5806 | D:7      | Reached *** piety under Okawaru
  5938 | D:7      | Reached skill level 13 in Long Blades
  5972 | D:7      | Found a staircase to the Ecumenical Temple.
  6027 | Temple   | Entered the Ecumenical Temple
  6448 | D:7      | Found a deep blue altar of Sif Muna.
  6454 | D:7      | Found a hide-covered altar of Uskayaw.
  6454 | D:7      | Found a bloodstained altar of Trog.
  6747 | D:8      | Reached XP level 9. HP: 61/70 MP: 8/8
  7240 | D:8      | Reached skill level 14 in Long Blades
  7294 | D:8      | Noticed a two-headed ogre
  7301 | D:8      | Killed a two-headed ogre
  7301 | D:8      | Reached **** piety under Okawaru
  7301 | D:8      | Reached skill level 15 in Long Blades
  7359 | D:8      | Found a burning altar of Makhleb.
  8113 | D:9      | Found a shattered altar of Ashenzari.
  8417 | D:9      | Reached skill level 16 in Long Blades
  8874 | D:9      | Reached XP level 10. HP: 33/78 MP: 9/9
  9436 | D:9      | Found a sparkling altar of Nemelex Xobeh.
  9456 | D:9      | Reached skill level 5 in Fighting
  9502 | D:9      | Reached ***** piety under Okawaru
  9901 | D:10     | Entered Level 10 of the Dungeon
 11266 | D:10     | Received a gift from Okawaru
 11269 | D:10     | Got a pair of dazzling gloves {god gift}
 11280 | D:10     | Identified the +0 pair of gloves "Qimocih" {-Tele Dex+5 Slay+2} (Okawaru gifted it to you on level 10 of the Dungeon)
 11483 | D:10     | Found a staircase to the Orcish Mines.
 11596 | D:10     | Noticed Ratty's ghost (journeyman GrBe)
 11624 | D:10     | Killed Ratty's ghost
 11624 | D:10     | Reached skill level 10 in Fighting
 11629 | D:10     | Found a staircase to the Lair.
 11819 | Lair:1   | Entered Level 1 of the Lair of Beasts
 12044 | Lair:1   | Noticed a black mamba
 12050 | Lair:1   | Killed a black mamba
 12237 | Lair:1   | Noticed a spiny frog
 12249 | Lair:1   | Killed a spiny frog
 12249 | Lair:1   | Reached XP level 11. HP: 64/102 MP: 10/10
 12461 | Lair:1   | Noticed Mirai's ghost (journeyman GrEE)
 12485 | Lair:1   | HP: 5/103 [Mirai's ghost (9)]
 12485 | Lair:1   | HP: 2/103 [Mirai's ghost (3)]
 12487 | Lair:1   | Killed Mirai's ghost
 13336 | Lair:1   | Noticed an oklob plant
 13902 | Lair:2   | Found a dark tunnel.
 13911 | Volcano  | Entered a volcano
 14655 | Volcano  | Noticed a red draconian
 14674 | Volcano  | Engulfed by a red draconian's flame

Skill      XL: |  1  2  3  4  5  6  7  8  9 10 11 |
---------------+----------------------------------+-----
Long Blades    | 3 4 6 7 8 11 13 16 | 16.0
Dodging        | 1 |  1.6
Fighting       | 4 11 13 | 13.6
Armour         | |  3.6
Stealth        | |  0.3
Shields        | |  3.6

Action                   |  1- 3 |  4- 6 |  7- 9 | 10-12 || total
-------------------------+-------+-------+-------+-------++-------
Melee: Long sword        |    81 |   146 |   298 |   327 ||   852
       Headbutt          |    11 |    24 |    68 |    86 ||   189
Invok: Heroism           |       |       |     2 |     7 ||     9
Evoke: Wand              |       |       |       |     4 ||     4
  Use: Potion            |       |       |     1 |    14 ||    15
       Scroll            |       |       |       |    11 ||    11
  Eat: Chunk             |       |     8 |    14 |     8 ||    30
       Ration            |       |       |     1 |     3 ||     4
Armor: Scale mail        |    34 |    42 |    70 |    76 ||   222
Dodge: Dodged            |    27 |    43 |    82 |    83 ||   235
Block: Shield            |    38 |    60 |   107 |   179 ||   384
       Reflection        |       |       |       |     7 ||     7
       Rpst.: Long sword |     7 |    15 |    24 |    22 ||    68
